 Dungeon Crawl Stone Soup version 0.28.0 (webtiles) character file.

Game seed: 16933396749359622448

70 pkoi the Chiller (level 4, -9/33 HPs)
             Began as a Draconian Ice Elementalist on Feb 16, 2022.
             Mangled by a wyvern skeleton (14 damage)
             ... on level 3 of the Dungeon.
             The game lasted 00:02:32 (2320 turns).

pkoi the Chiller (Draconian Ice Elementalist)       Turns: 2320, Time: 00:02:32

Health: -9/33      AC:  5    Str: 10    XL:     4   Next: 4%
Magic:  4/7        EV: 12    Int: 18    God:
Gold:   49         SH:  0    Dex: 17    Spells: 3/7 levels left

rFire   . . .      SeeInvis .   g - +0 short sword (venom)
rCold   . . .      Faith    .   (no shield)
rNeg    . . .      Spirit   .   (armour unavailable)
rPois   .          Reflect  .   (helmet restricted)
rElec   .          Harm     .   h - scarf {shadows}
rCorr   .          Rampage  .   (no gloves)
Will    .....                   (no boots)
Stlth   ++........              (no amulet)
HPRegen 0.11/turn               p - +6 ring of dexterity
MPRegen 0.10/turn               (no ring)

@: mighty
A: AC +5, unfitting armour, cold-blooded
a: no special abilities


You were on level 3 of the Dungeon.
You visited 1 branch of the dungeon, and saw 3 of its levels.

You collected 49 gold pieces.

Inventory:

Hand Weapons
 a - a +0 dagger
 e - a +0 trident
 g - a +0 short sword of venom (weapon)
Armour
 h - a scarf of shadows (worn)
Jewellery
 p - a +6 ring of dexterity (left hand)
Scrolls
 c - a scroll of fear {unknown}
 d - 2 scrolls of holy word {unknown}
 f - a scroll of blinking {unknown}
 i - a scroll of silence {unknown}
 j - a scroll of summoning {unknown}
 m - a scroll of identify {unknown}
 o - a scroll of fog {unknown}
Potions
 k - a potion of curing
 n - a potion of heal wounds {unknown}


   Skills:
 - Level 1.7 Dodging
 - Level 1.7 Stealth
 - Level 2.0 Spellcasting
 + Level 5.6 Ice Magic


You had 3 spell levels left.
You knew the following spells:

 Your Spells              Type           Power      Damage    Failure   Level
a - Freeze                Ice            88%        1d10      1%          1
b - Frozen Ramparts       Ice            44%        1d6       5%          3

Your spell library contained the following spells:

 Spells                   Type           Power      Damage    Failure   Level
 Ozocubu's Armour         Ice            22%        N/A       5%          3
 Magic Dart               Conj           4%         1d3       19%         1
 Searing Ray              Conj           2%         2d4       26%         2
 Gell's Gravitas          Tloc           1%         N/A       47%         3
 Teleport Other           Tloc           1%         N/A       47%         3
 Hailstorm                Conj/Ice       11%        3d5       50%         4
 Fulminant Prism          Conj/Hex       0%         3d6       87%         4
 Dispersal                Tloc           0%         N/A       100%        6


Dungeon Overview and Level Annotations

Branches:
Dungeon (3/15)

Altars:


Innate Abilities, Weirdness & Mutations

Your plain brown scales are hard. (AC +5)
You cannot fit into any form of body armour.
You are cold-blooded and may be slowed by cold attacks.


Message History

You tail-slap the wyvern skeleton, but do no damage.
The wyvern skeleton is moderately damaged.
The wyvern skeleton completely resists.
The wall freezes the wyvern skeleton but does no damage.
The wyvern skeleton misses you.
You hit the wyvern skeleton. You tail-slap the wyvern skeleton.
The wyvern skeleton is heavily damaged.
The wyvern skeleton completely resists.
The wall freezes the wyvern skeleton but does no damage.
The wyvern skeleton bites you!
* * * LOW HITPOINT WARNING * * *
The wyvern skeleton completely resists.
The wall freezes the wyvern skeleton but does no damage.
The wyvern skeleton misses you.
Aiming: Freeze (safe; 1% risk of failure)
Press: ? - help, Q - select action, (/) - cycle Shift-Dir - straight line, f - wyvern skeleton
Aim: a wyvern skeleton (heavily damaged)
You freeze the wyvern skeleton but do no damage.
The wyvern skeleton completely resists.
The wyvern skeleton completely resists.
The wall freezes the wyvern skeleton but does no damage.
The wyvern skeleton bites you!
* * * LOW HITPOINT WARNING * * *
Okay, then.
Okay, then.
Okay, then.
It was a potion of cancellation.
Your magical effects are unravelling.
You feel magically purged.
The frozen ramparts melt away.
The wyvern skeleton completely misses you.
It was a potion of curing.
You feel better. The wyvern skeleton misses you. The wyvern skeleton bites you!
* * * LOW HITPOINT WARNING * * *
It was a potion of might.
You feel very mighty all of a sudden.
The wyvern skeleton bites you but does no damage.
You puncture the wyvern skeleton!
The wyvern skeleton is severely damaged.
The wyvern skeleton bites you!
You die...

#.# #.#
#.# #.#
#.# #.#
#.# #.#
#.# #.#
#.# #.#
#@#
#Z...(.#
#......#
.......#
#......#
#......#
#......#


You could see a wyvern skeleton.

Vanquished Creatures
  An adder (D:3)
  A dart slug (D:3)
  7 ball pythons
  3 endoplasms
  3 giant cockroaches
  4 goblins
  9 hobgoblins
  7 jackals
  2 kobolds
  2 quokkas
  6 bats
  A frilled lizard (D:2)
  3 rats
49 creatures vanquished.

Notes
Turn   | Place    | Note
-------+----------+-------------------------------------------
     0 | D:1      | pkoi the Draconian Ice Elementalist began the quest for the
                  | Orb.
     0 | D:1      | Reached XP level 1. HP: 14/14 MP: 3/3
   268 | D:1      | Reached XP level 2. HP: 18/20 MP: 3/5
   484 | D:1      | Found a faded altar of an unknown god.
   959 | D:1      | Reached skill level 5 in Ice Magic
  1036 | D:2      | Reached XP level 3. HP: 26/26 MP: 4/6
  1253 | D:2      | Learned a level 3 spell: Frozen Ramparts
  2136 | D:3      | Identified the +0 robe "Omuseum" {+Blink rElec Stlth+}
  2233 | D:3      | Reached XP level 4. HP: 30/33 MP: 3/7
  2320 | D:3      | Mangled by a wyvern skeleton

Illustrated notes

Levels and vault maps discovered:
D:1:      dpeg_arrival_rooms_with_view, layout_loops_ring,
          ebering_ecumenical_altar_webs
D:2:      layout_loops_ring
D:3:      layout_rooms, gammafunk_ghost_necromancy

Skill      XL: |  1  2 |
---------------+-------+-----
Ice Magic      | 5 |  5.6
Dodging        | |  1.7
Stealth        | |  1.7
Spellcasting   | |  2.0

Action                   |  1- 3 |  4- 6 || total
-------------------------+-------+-------++-------
Melee: Dagger            |     2 |       ||     2
       Trident           |    35 |       ||    35
       Unarmed           |     1 |       ||     1
       Tailslap          |    10 |     2 ||    12
       Short sword       |    41 |     5 ||    46
 Cast: Freeze            |    34 |     3 ||    37
       Frozen Ramparts   |       |     1 ||     1
  Use: Potion            |       |     3 ||     3
 Stab: Sleeping          |     3 |       ||     3
Armor: Skin              |    25 |     2 ||    27
Dodge: Dodged            |    92 |     8 ||   100
